 Dungeon Crawl Stone Soup version 0.19.0-20-gbc5f0c6 (webtiles) character file.

397 Jerry the Ruffian (level 6, -2/59 HPs)
             Began as a Troll Monk on Nov 18, 2016.
             Shot with an arrow by a centaur (6 damage)
             ... on level 5 of the Dungeon.
             The game lasted 00:05:21 (2942 turns).

Jerry the Ruffian (Troll Monk)                      Turns: 2942, Time: 00:05:22

Health: -2/59      AC:  6    Str: 24 (25) XL:     6   Next: 53%
Magic:  14/14      EV: 12    Int:  3 (6)  God:
Gold:   208        SH:  0    Dex: 13 (14) Spells: 0 memorised, 5 levels left

rFire  . . .     SeeInvis .       - Unarmed
rCold  . . .     Gourm    +     a - +0 robe
rNeg   . . .     Faith    .     (no shield)
rPois  .         Spirit   .     (helmet restricted)
rElec  .         Reflect  .     n - +0 cloak
rCorr  .         Harm     .     (gloves unavailable)
MR     .....     Clarity  +     (boots unavailable)
Stlth  +++.......               (no amulet)
                                v - ring of stealth
                                p - ring of magical power

@: mighty, very slightly contaminated, hasted, very quick
A: unfitting armour, claws 3, talons 1, blurry vision 1, clarity, fast
metabolism 3, gourmand, regeneration 1, shaggy fur 1, tough skin 2
a: no special abilities


You were on level 5 of the Dungeon.
You were very full.

You visited 1 branch of the dungeon, and saw 5 of its levels.

You collected 208 gold pieces.

Inventory:

Armour
 a - a +0 robe (worn)
 n - a +0 cloak (worn)
Jewellery
 p - a ring of magical power (left claw)
 v - a ring of stealth (right claw)
Wands
 m - a wand of digging (9/24)
Scrolls
 d - 5 scrolls of remove curse {unknown}
 f - a scroll of teleportation {unknown}
 i - 2 scrolls of random uselessness {unknown}
 k - 2 scrolls of identify {unknown}
 q - 3 scrolls of amnesia {unknown}
 s - a scroll of recharging {unknown}
 w - a scroll of immolation {unknown}
Potions
 e - a potion of mutation
 g - a potion of degeneration
 j - 2 potions of might
 o - 2 potions of curing {unknown}
 t - a potion of heal wounds {unknown}
Comestibles
 b - 5 bread rations
 h - a royal jelly
 l - 3 beef jerkies
 u - a meat ration


   Skills:
 - Level 2.4 Fighting
 + Level 4.3 Dodging
 - Level 1.0 Stealth
 * Level 6.0 Unarmed Combat


You had 5 spell levels left.
You didn't know any spells.

Dungeon Overview and Level Annotations

Branches:
Dungeon (5/15)
 Temple: D:4-7

Altars:
Cheibriados


Innate Abilities, Weirdness & Mutations

You are too large for most types of armour.
You have claws for hands.
Your metabolism is lightning-fast.
You like to eat raw meat.
Your natural rate of healing is unusually fast.
You are covered in fur. (AC +1)
You have very tough skin. (AC +2)
You have sharp toenails.
Scrolls take you a little longer to read.
You possess an exceptional clarity of mind.


Message History

You are too injured to fight recklessly!
It was a potion of haste.
You feel yourself speed up.
The centaur shoots an arrow.
The arrow hits you!
* * * LOW HITPOINT WARNING * * *
The hound bites you but does no damage.
The centaur shoots an arrow.
The arrow closely misses you.
You are very lightly contaminated with residual magic.
You see here 2 arrows.
The hound bites you but does no damage.
It was a potion of mutation.
You feel extremely strange.
Your thoughts seem clearer.
Your vision blurs.
Your toenails lengthen and sharpen.
It was a potion of degeneration.
There was something very wrong with that liquid.
You feel weakened.
You feel dopey.
You feel clumsy. The hound bites you but does no damage. The hound misses you.
It was a potion of might.
You feel very mighty all of a sudden.
The centaur shoots an arrow.
The arrow hits you.
You die...

### #..
#####+#.####
..........
#....... #
####...... #.
#....c...#
#..#....###@#
#.........#h#
.....c...((.##.#
(......<.......#
#.....##..(.......
..... #...(....#.#
..## #.....##.# #
. .........#
..........#


You could see a centaur and a hound.

Vanquished Creatures
  The ghost of Minion the Chopper, an amateur FoAK of Lugonu (D:4)
  A scorpion (D:4)
  A worker ant (D:4)
  An iguana (D:4)
  An orc wizard (D:3)
  6 adders
  A gnoll (D:4)
  An ooze (D:3)
  A worm (D:2)
  A dart slug (D:1)
  2 leopard geckos (D:3)
  13 orcs
  4 giant cockroaches
  4 goblins
  5 hobgoblins
  A quokka (D:3)
  A ball python (D:2)
  2 bats (D:3)
  4 kobolds
  6 rats
57 creatures vanquished.

Notes
Turn   | Place    | Note
-------+----------+-------------------------------------------
     0 | D:1      | Jerry the Troll Monk began the quest for the Orb.
     0 | D:1      | Reached XP level 1. HP: 22/22 MP: 0/0
   282 | D:1      | Reached XP level 2. HP: 29/29 MP: 1/1
   690 | D:2      | Found a faded altar of an unknown god.
   690 | D:2      | Found a faded altar of an unknown god.
   696 | D:2      | Found a faded altar of an unknown god.
   698 | D:2      | Found a snail-covered altar of Cheibriados.
   700 | D:2      | Found a faded altar of an unknown god.
   975 | D:2      | Reached XP level 3. HP: 36/36 MP: 2/2
  1745 | D:3      | Reached skill level 4 in Unarmed Combat
  1773 | D:3      | Reached XP level 4. HP: 41/44 MP: 3/3
  2147 | D:3      | Reached XP level 5. HP: 50/50 MP: 4/4
  2464 | D:4      | Noticed Minion's ghost (amateur FoAK)
  2486 | D:4      | Killed Minion's ghost
  2486 | D:4      | Reached skill level 5 in Unarmed Combat
  2486 | D:4      | Reached XP level 6. HP: 13/59 MP: 5/5
  2759 | D:4      | Reached skill level 6 in Unarmed Combat
  2928 | D:5      | Entered Level 5 of the Dungeon
  2936 | D:5      | HP: 2/59 [centaur/arrow (7)]
  2940 | D:5      | Gained mutation: You possess an exceptional clarity of mind. [potion of mutation]
  2940 | D:5      | Gained mutation: Scrolls take you a little longer to read. [potion of mutation]
  2940 | D:5      | Gained mutation: You have sharp toenails. [potion of mutation]
  2942 | D:5      | Shot with an arrow by a centaur

Skill      XL: |  1  2  3  4  5  6 |
---------------+-------------------+-----
Dodging        | 3 4 |  4.3
Unarmed Combat | 4 5 6 |  6.0
Fighting       | |  2.4
Stealth        | |  1.0

Action                   |  1- 3 |  4- 6 || total
-------------------------+-------+-------++-------
Melee: Unarmed           |    69 |    86 ||   155
       Punch             |       |     2 ||     2
  Use: Potion            |       |     4 ||     4
 Stab: Sleeping          |     3 |     1 ||     4
       Distracted        |     1 |       ||     1
  Eat: Chunk             |    17 |    13 ||    30
Armor: Robe              |    16 |    32 ||    48
Dodge: Dodged            |    25 |    40 ||    65
